 Dungeon Crawl Stone Soup version 0.30-a0-591-g3c58d2bc28 (webtiles) character file.

Game seed: 6919194271153087023

19652 bmack86 the Cleaver (level 12, -2/108 HPs)
             Began as a Minotaur Fighter on Jan 4, 2023.
             Was a High Priest of Okawaru.
             Slain by a tentacled starspawn (3 damage)
             ... on level 1 of the Abyss.
             The game lasted 00:36:14 (12169 turns).

bmack86 the Cleaver (Minotaur Fighter)             Turns: 12169, Time: 00:36:15

Health: -2/108     AC: 36    Str: 37    XL:     12   Next: 38%
Magic:  12/15      EV: 10    Int:  5    God:    Okawaru [*****.]
Gold:   741        SH: 13    Dex: 14    Spells: 11/11 levels left

rFire   . . .      SeeInvis .    a - +0 war axe (protect)
rCold   . . .      Faith    .    h - +0 kite shield
rNeg    . . .      Spirit   .    e - +6 plate armour of Oblivion {Harm}
rPois   +          Reflect  .    (helmet restricted)
rElec   .          Harm     +    A - +0 cloak
rCorr   .          Rampage  .    J - +0 pair of gloves "Yteidgh" {rPois Dex+3}
Will    .....                    k - +1 pair of boots Stlth
                                 (no amulet)
HPRegen 0.38/turn                b - +6 ring of strength
MPRegen 0.14/turn                w - +6 ring of strength

@: heroic, under a protective aura
A: horns 2, retaliatory headbutt
a: Renounce Religion, Heroism, Finesse, Duel


You were on level 1 of the Abyss.
You worshipped Okawaru.
Okawaru was extremely pleased with you.
You visited 3 branches of the dungeon, and saw 14 of its levels.
You visited the Abyss 1 time.

You collected 741 gold pieces.

Inventory:

Hand Weapons
 a - a +0 war axe of protection (weapon)
 c - the +5 woodcutter's axe
   (You found it on level 2 of the Dungeon)
 l - a +2 hand axe of flaming
 L - a +1 heavy broad axe
Missiles
 m - 5 throwing nets
 z - 9 atropa-tipped darts
 I - 5 curare-tipped darts
Armour
 e - the +6 plate armour of Oblivion (worn) {Harm}
   (You found it on level 2 of the Dungeon)

   Harm:      It increases damage dealt and taken.
 h - a +0 kite shield (worn)
 k - a +1 pair of boots (worn)
 o - a +0 pair of gloves
 A - a +0 cloak (worn)
 E - a scarf of resistance
 J - the +0 pair of gloves "Yteidgh" (worn) {rPois Dex+3}
   (Okawaru gifted it to you on level 1 of the Lair of Beasts)

   Dex:       It affects your dexterity (+3).
   rPois:     It protects you from poison.
Jewellery
 b - a +6 ring of strength (left hand)
 p - a ring of magical power
 w - a +6 ring of strength (right hand)
Wands
 s - a wand of flame (22)
 t - a wand of light (10)
 B - a wand of roots (6)
 G - a wand of polymorph (4) (quivered)
Scrolls
 i - 3 scrolls of enchant weapon
 j - 4 scrolls of fear
 q - a scroll of brand weapon
 x - 2 scrolls of fog
 y - 7 scrolls of teleportation
 F - 2 scrolls of enchant armour
 H - a scroll of blinking
Potions
 d - 3 potions of might
 f - 4 potions of heal wounds
 g - 3 potions of magic
 n - 3 potions of berserk rage
 r - a potion of cancellation
 u - 4 potions of lignification
 v - 3 potions of curing
 C - a potion of ambrosia
 D - a potion of attraction
 K - a potion of brilliance {unknown}


   Skills:
 + Level 10.7(15.7) Fighting
 * Level 14.1(19.1) Axes
 + Level 6.4(11.4) Throwing
 + Level 10.6(15.6) Armour
 + Level 10.6(15.6) Shields
 + Level 6.4 Invocations


You had 11 spell levels left.
You didn't know any spells.
Your spell library contained the following spells:

 Spells                   Type           Power      Damage    Failure   Level
 Necrotise                Necr           0%         1d4       98%         1
 Ignite Poison            Fire/Tmut/Pois 0%         N/A       100%        3
 Vampiric Draining        Necr           0%         2d6       100%        3
 Sticky Flame             Conj/Fire      0%         2d3       100%        4
 Agony                    Necr           0%         N/A       100%        5
 Ignition                 Fire           0%         3d3       100%        8


Dungeon Overview and Level Annotations

Branches:
Dungeon (11/15)            Temple (1/1) D:7            Lair (2/5) D:8
  Snake (0/4) Lair:2          Orc (0/2) D:9
  Swamp: Lair:2-3    Shoals: Lair:2-3

Altars:
Ashenzari
Elyvilon
Makhleb
Nemelex Xobeh
Okawaru
Ru
Sif Muna
Trog
Uskayaw
Vehumet
Xom
Yredelemnul
Zin

Shops:
D:5 [   D:7 *   D:8 :

Portals:
Trove: D:10 (give +7 demon trident)

Annotations:
Lair:2 Urug


Innate Abilities, Weirdness & Mutations

You have a pair of horns on your head.
You reflexively headbutt those who attack you in melee.


Message History

You see here a +1 heavy broad axe.
L - a +1 heavy broad axe You block the small abomination's attack.
The starspawn tentacle grabs you. The starspawn tentacle constricts you.
You block the small abomination's attack.
You slash the small abomination!
You destroy the small abomination!
Okawaru accepts your kill.
You hit the starspawn tentacle but do no damage.
The starspawn tentacle constricts you.
The starspawn tentacle loses its grip on you.
The tentacle pulls you backwards!
You completely miss the tentacled starspawn.
You headbutt the tentacled starspawn.
The tentacled starspawn is lightly damaged.
You slash the starspawn tentacle!
You destroy the starspawn tentacle!
You slash the tentacled starspawn!
You headbutt the tentacled starspawn, but do no damage.
The tentacled starspawn is heavily damaged.
The tentacled starspawn bites you!!
* * * LOW HITPOINT WARNING * * *
You block the tentacled starspawn's attack.
You slash the tentacled starspawn! You headbutt the tentacled starspawn.
The tentacled starspawn is severely damaged.
You hit the tentacled starspawn but do no damage.
The tentacled starspawn is severely damaged.
Tentacles burst from the starspawn's body! 2 starspawn tentacles come into view.
You feel more confident with your borrowed prowess.
The tentacled starspawn bites you but does no damage.
The tentacled starspawn tentacle-slaps you!
* * * LOW HITPOINT WARNING * * *
The starspawn tentacle grabs you. The starspawn tentacle constricts you.
You hit the tentacled starspawn.
The starspawn tentacle loses its grip on you.
The tentacled starspawn is severely damaged.
You slash the starspawn tentacle! You hit the starspawn tentacle.
The tentacled starspawn bites you.
You die...

.... .... #
#...###...###... .
#......##...#.#
..##......##...# #
.................
................#
...............#
...............#
......w@.......#
......wX..........
..##......##...#.
# #......##. .# #
..............
........... ... .
............... #
..............


You could see a tentacled starspawn and 2 starspawn tentacles.

Vanquished Creatures
  A shambling mangrove (Lair:1)
  Harold (Lair:2)
  Erica (Lair:1)
  2 two-headed ogres (D:9)
  A boulder beetle (D:11)
  Sonja (Lair:1)
  Nergalle (Lair:1)
  Amaemon (Lair:1)
  Pikel (D:7)
  3 starcursed masses (Abyss:1)
  A black mamba (Lair:1)
  An orange demon (Lair:1)
  A gargoyle (D:10)
  An unseen horror (D:10)
  3 cane toads (Lair:1)
  A rime drake (Lair:1)
  2 komodo dragons
  A hornet (D:10)
  7 blink frogs (Lair:1)
  4 shadows
  A ynoxinul (Abyss:1)
  A wraith (D:11)
  A wyvern (D:9)
  14 yaks (Lair:1)
  A large abomination (Abyss:1)
  A steam dragon (D:6)
  A basilisk (Lair:2)
  Menkaure (D:5)
  A chaos spawn (Abyss:1)
  A two-headed ogre zombie (D:9)
  5 water moccasins
  Duvessa (D:5)
  3 ice beasts
  9 centaurs
  A sky beast (D:7)
  4 lemures (D:7)
  A phantom (D:5)
  9 bullfrogs
  2 kobold brigands
  A gnoll sergeant (D:2)
  A scorpion (D:4)
  5 small abominations (Abyss:1)
  Dowan (D:5)
  2 troll zombies (D:9)
  7 killer bees
  2 electric eels (D:7)
  2 jellies
  18 orc priests
  3 gnoll boudas
  10 iguanas
  16 orc wizards
  5 ogre zombies (D:9)
  22 gnolls
  12 adders
  2 shadow imps
  A white imp (D:6)
  2 worms
  12 dart slugs
  40 orcs
  11 ball pythons
  8 endoplasms
  4 giant cockroaches
  2 goblins
  4 hobgoblins
  15 kobolds
  A quokka (D:2)
  4 bats
  5 frilled lizards
  A goblin skeleton (D:9)
  5 goblin zombies (D:9)
  2 hobgoblin skeletons (D:9)
  4 hobgoblin zombies (D:9)
  An orc skeleton (D:9)
  12 orc zombies (D:9)
  10 rats
  A starspawn tentacle (Abyss:1)
347 creatures vanquished.

Vanquished Creatures (others)
  2 dart slugs (D:7)
  2 fungi (Lair:1)
  A plant (Lair:1)
  A starspawn tentacle (Abyss:1)
  6 toadstools (D:10)
12 creatures vanquished.

Grand Total: 359 creatures vanquished

Notes
Turn   | Place    | Note
-------+----------+-------------------------------------------
     0 | D:1      | bmack86 the Minotaur Fighter began the quest for the Orb.
     0 | D:1      | Reached XP level 1. HP: 19/19 MP: 0/0
   349 | D:1      | Reached XP level 2. HP: 27/27 MP: 1/1
   532 | D:1      | Reached skill level 3 in Axes
   772 | D:2      | Reached XP level 3. HP: 9/33 MP: 2/2
   779 | D:2      | Identified the +6 plate armour of Oblivion {Harm}
   962 | D:2      | Reached XP level 4. HP: 36/40 MP: 3/3
  1115 | D:2      | Reached skill level 4 in Axes
  1253 | D:2      | Reached XP level 5. HP: 47/47 MP: 4/4
  1482 | D:2      | HP: 1/47 [gnoll/+0 spear (3)]
  1483 | D:2      | Reached skill level 5 in Axes
  1497 | D:2      | Found the +5 woodcutter's axe
  1872 | D:3      | Reached XP level 6. HP: 55/55 MP: 5/5
  1884 | D:3      | Reached skill level 5 in Armour
  1891 | D:3      | Reached skill level 5 in Fighting
  1891 | D:3      | Reached skill level 5 in Shields
  2730 | D:4      | Reached skill level 6 in Axes
  2740 | D:4      | Reached XP level 7. HP: 28/61 MP: 6/6
  3564 | D:5      | Entered Level 5 of the Dungeon
  3645 | D:5      | Noticed Menkaure
  3648 | D:5      | Found Cierru's Armour Boutique.
  3654 | D:5      | Killed Menkaure
  3655 | D:5      | Reached skill level 7 in Axes
  3792 | D:5      | Noticed Dowan
  3793 | D:5      | Noticed Duvessa
  3801 | D:5      | Killed Dowan
  3802 | D:5      | Reached XP level 8. HP: 52/70 MP: 7/7
  3805 | D:5      | Killed Duvessa
  3907 | D:5      | Reached skill level 8 in Axes
  4496 | D:6      | Reached skill level 9 in Axes
  5129 | D:7      | Reached XP level 9. HP: 20/79 MP: 8/8
  5381 | D:7      | Reached skill level 1 in Throwing
  5493 | D:7      | Found Zin's Purification Station.
  5500 | D:7      | Found a glowing silver altar of Zin.
  5570 | D:7      | Found a staircase to the Ecumenical Temple.
  5581 | Temple   | Entered the Ecumenical Temple
  5605 | Temple   | Became a worshipper of Warmaster Okawaru
  5802 | D:7      | Noticed Pikel
  5815 | D:7      | Killed Pikel
  5815 | D:7      | Reached * piety under Okawaru
  5816 | D:7      | Reached skill level 10 in Axes
  5816 | D:7      | Reached skill level 1 in Invocations
  6396 | D:8      | Reached ** piety under Okawaru
  6515 | D:8      | Found Linomefe's Tremendous Tomes.
  6697 | D:8      | Found a staircase to the Lair.
  7123 | D:9      | Noticed a two-headed ogre
  7132 | D:9      | Killed a two-headed ogre
  7132 | D:9      | Reached *** piety under Okawaru
  7133 | D:9      | Reached XP level 10. HP: 82/88 MP: 7/11
  7237 | D:9      | Found a staircase to the Orcish Mines.
  7245 | D:9      | Reached skill level 11 in Axes
  7502 | D:9      | Noticed a two-headed ogre
  7510 | D:9      | Killed a two-headed ogre
  7672 | D:9      | Reached **** piety under Okawaru
  7976 | D:10     | Entered Level 10 of the Dungeon
  8506 | D:10     | Found a portal to a secret trove of treasure.
  8561 | D:10     | Noticed a gargoyle
  8567 | D:10     | Killed a gargoyle
  9041 | D:11     | Noticed a boulder beetle
  9048 | D:11     | Reached skill level 12 in Axes
  9063 | D:11     | Killed a boulder beetle
  9063 | D:11     | Reached ***** piety under Okawaru
  9064 | D:11     | Reached XP level 11. HP: 42/97 MP: 13/13
 10303 | Lair:1   | Entered Level 1 of the Lair of Beasts
 10339 | Lair:1   | Noticed Sonja
 10346 | Lair:1   | Killed Sonja
 10545 | Lair:1   | Noticed Amaemon
 10559 | Lair:1   | Reached skill level 5 in Throwing
 10563 | Lair:1   | Killed Amaemon
 10564 | Lair:1   | Reached skill level 5 in Invocations
 10565 | Lair:1   | Identified the +0 pair of gloves "Yteidgh" {rPois Dex+3}
                  | (Okawaru gifted it to you on level 1 of the Lair of Beasts)
 10565 | Lair:1   | Received a gift from Okawaru
 10952 | Lair:1   | Noticed Nergalle
 10965 | Lair:1   | Killed Nergalle
 10966 | Lair:1   | Reached skill level 13 in Axes
 11092 | Lair:1   | Noticed Erica
 11103 | Lair:1   | Killed Erica
 11104 | Lair:1   | Reached skill level 10 in Fighting
 11104 | Lair:1   | Reached skill level 10 in Armour
 11104 | Lair:1   | Reached skill level 10 in Shields
 11332 | Lair:1   | Noticed an oklob plant
 11802 | Lair:1   | an oklob plant changed into a shambling mangrove
 11802 | Lair:1   | Noticed a shambling mangrove
 11813 | Lair:1   | Killed a shambling mangrove
 11883 | Lair:2   | Noticed Harold
 11887 | Lair:1   | Reached XP level 12. HP: 106/106 MP: 15/15
 11940 | Lair:2   | Found a staircase to the Snake Pit.
 11947 | Lair:2   | Killed Harold
 12042 | Lair:2   | Identified the +8 trident "Arisylun" {heavy, rN+}
 12044 | Lair:2   | Noticed Urug
 12051 | Abyss:1  | Cast into level 1 of the Abyss (Urug)
 12127 | Abyss:1  | Reached skill level 14 in Axes
 12138 | Abyss:1  | Noticed a starcursed mass
 12155 | Abyss:1  | Killed a starcursed mass
 12156 | Abyss:1  | Noticed a tentacled starspawn
 12157 | Abyss:1  | Received a gift from Okawaru
 12168 | Abyss:1  | HP: 1/108 [tentacled starspawn (8)]
 12169 | Abyss:1  | Slain by a tentacled starspawn

Illustrated notes

Levels and vault maps discovered:
D:1:      dpeg_arrival_circle_labyrinth_a, layout_basic
D:2:      layout_loops_ring, pf_guarded_unrand_woodcutter
D:3:      layout_basic
D:4:      nicolae_cairo_tiling_very_big, layout_loops_ring
D:5:      layout_rooms, serial_shops, shop, minmay_misc_feat_more_columns,
          hangedman_glass_teeth, uniq_menkaure, uniq_duvessa
D:6:      layout_rooms
D:7:      kennysheep_slugbush, layout_loops_ring, zin_purify,
          minmay_temple_entry_statues_fountains, uniq_pikel
D:8:      layout_basic, lair_entry_dummy, nicolae_shop_i_like_big_books
D:9:      layout_loops_cross, zombieorc2_lemuel
D:10:     layout_basic, trove_entry_hex_spiral, minmay_gold_behind_fungi,
          wad_floor_pattern_2, nicolae_nh_ransacked_shop
D:11:     layout_layer_cave, evilmike_butchery
Temple:   nicolae_temple_bog_church
Lair:1:   layout_gridlike, uniq_nergalle, uniq_sonja, uniq_erica, uniq_amaemon
Lair:2:   beast_lair_carwin_large_4, layout_hall_layers, pond, uniq_harold,
          uniq_urug
Abyss:1:  base:
D:9

Skill      XL: |  1  2  3  4  5  6  7  8  9 10 11 12 |
---------------+-------------------------------------+-----
Axes           | 3 4 5 6 7 9 10 12 13 14 | 14.1
Fighting       | 4 5 6 7 8 9 10 | 10.7
Armour         | 4 5 6 7 8 9 10 | 10.6
Shields        | 4 5 6 7 8 9 10 | 10.6
Throwing       | 3 4 5 6 |  6.4
Invocations    | 2 4 5 6 |  6.4

Action                   |  1- 3 |  4- 6 |  7- 9 | 10-12 || total
-------------------------+-------+-------+-------+-------++-------
Melee: War axe           |    51 |   136 |   215 |   315 ||   717
       Headbutt          |     9 |    18 |    35 |    73 ||   135
Invok: Heroism           |       |       |     1 |     9 ||    10
       Finesse           |       |       |       |     1 ||     1
Evoke: Wand              |       |       |       |     8 ||     8
  Use: Scroll            |     4 |     5 |    10 |     5 ||    24
       Potion            |       |     1 |       |     1 ||     2
Armor: Scale mail        |    17 |       |       |       ||    17
       Plate armour      |    14 |   141 |   238 |   295 ||   688
Dodge: Dodged            |    29 |    37 |    78 |   129 ||   273
Block: Buckler           |     7 |       |       |       ||     7
       Kite shield       |       |    58 |   148 |   260 ||   466

Table legend: (Time is in decaauts)
 A = Elapsed time spent in this place.
 B = Non-inter-level travel time spent in this place.
 C = Inter-level travel time spent in this place.
 D = Time resting spent in this place.
 E = Time spent auto-exploring this place.
 F = Levels seen in this place.
 G = Mean time per level.
                   A        B        C        D        E       F      G
               +--------+--------+--------+--------+--------+-----+--------+
         Total |  12323 |  12072 |    251 |   1315 |   7138 |  15 |  821.5 |
       Dungeon |  10396 |  10146 |    250 |    690 |   6471 |  11 |  945.1 |
        Temple |     48 |     48 |      0 |      0 |      0 |   1 |   48.0 |
          Lair |   1764 |   1764 |      0 |    591 |    667 |   2 |  882.0 |
         Abyss |    114 |    114 |      0 |     34 |      0 |   1 |  114.0 |
               +--------+--------+--------+--------+--------+-----+--------+

Top non-repeatable levels by time:
  Lair:1: 1636 daAuts
    D:11: 1416 daAuts
     D:2: 1031 daAuts
     D:9: 971 daAuts
     D:4: 969 daAuts
     D:7: 966 daAuts
     D:5: 903 daAuts
     D:6: 875 daAuts
    D:10: 874 daAuts
     D:3: 874 daAuts
     D:1: 769 daAuts
     D:8: 743 daAuts
  Lair:2: 128 daAuts
 Abyss:1: 114 daAuts
  Temple: 48 daAuts
